 Dungeon Crawl Stone Soup version 0.31.0-11-ge490571c62 (webtiles) character file.

Game seed: 10083942122480089476

63905 Esekla the Thaumaturge (level 15, -2/80 HPs)
             Began as a Vine Stalker Warper on Jan 29, 2024.
             Was a High Priest of Vehumet.
             Slain by a fire giant
             ... wielding a +1 great sword of flaming
              (9 damage)
             ... on level 12 of the Dungeon on Jan 30, 2024.
             The game lasted 02:54:17 (20312 turns).

Esekla the Thaumaturge (Vine Stalker Warper)       Turns: 20312, Time: 02:54:18

Health: -2/80      AC: 17    Str: 14    XL:     15   Next: 11%
Magic:  0/31       EV: 14    Int: 22    God:    Vehumet [*****.]
Gold:   1943       SH:  5    Dex: 15    Spells: 5/36 levels left

rFire   . . .        a - +2 falchion (protect)
rCold   . . .        p - +0 buckler
rNeg    . . .        P - +0 troll leather armour
rPois   +            U - +0 hat {Int+3}
rElec   .            (no cloak)
rCorr   .            (no gloves)
SInv    .            n - +2 pair of boots
Will    +....        (no amulet)
Stlth   ++           u - ring of poison resistance
HPRegen 1.93/turn    b - +4 ring of protection
MPRegen 0.22/turn

%: guardian spirit
@: ice-armoured, slowed, very slow
A: fangs 3, regeneration 1, magic shield, antimagic bite, no potion heal 2
a: Renounce Religion


You were on level 12 of the Dungeon.
You worshipped Vehumet.
Vehumet was extremely pleased with you.
You visited 3 branches of the dungeon, and saw 18 of its levels.

You collected 2070 gold pieces.
You spent 127 gold pieces at shops.

Inventory:

Hand Weapons
 a - a +2 falchion of protection (weapon)
 f - a +3 scimitar of flaming
 r - a +2 trident of flaming
 s - a +1 dagger of venom
 t - the +6 short sword of the Several Demons {freeze, rC+++ Will- SInv}
   (You found it on level 7 of the Dungeon)

   rC+++:     It renders you almost immune to cold.
   Will-:     It decreases your willpower.
   SInv:      It lets you see invisible.
Missiles
 g - 17 poisoned darts
 B - 6 atropa-tipped darts
 D - 11 boomerangs (quivered)
Armour
 n - a +2 pair of boots (worn)
 p - a +0 buckler (worn)
 I - a +2 robe of willpower
 P - a +0 troll leather armour (worn)
 U - a +0 hat of intelligence (worn)
 Z - the +1 leather armour "Wenem" {rElec rC+ Dex-2 SInv}
   (You found it on level 5 of the Lair of Beasts)

   Dex-2:     It affects your dexterity (-2).
   rC+:       It protects you from cold.
   rElec:     It insulates you from electricity.
   SInv:      It lets you see invisible.
Magical Staves
 F - a staff of death
Jewellery
 b - a +4 ring of protection (right hand)
 u - a ring of poison resistance (left hand)
 E - a ring of resist corrosion
 J - a ring of fire
Wands
 v - a wand of flame (31)
 K - a wand of iceblast (23)
 M - a wand of quicksilver (16)
 Q - a wand of paralysis (2)
 V - a wand of digging (5)
Scrolls
 c - 2 scrolls of blinking
 d - a scroll of amnesia
 e - 3 scrolls of enchant armour {unknown}
 h - a scroll of vulnerability {unknown}
 l - a scroll of torment {unknown}
 q - 2 scrolls of fog {unknown}
 x - 3 scrolls of enchant weapon
 A - a scroll of brand weapon
 C - a scroll of silence
 H - a scroll of fear
 O - a scroll of noise {unknown}
 R - 3 scrolls of revelation {unknown}
 T - a scroll of immolation {unknown}
 W - 2 scrolls of acquirement {unknown}
 X - a scroll of poison {unknown}
Potions
 i - 7 potions of curing
 j - a potion of resistance
 k - a potion of enlightenment
 m - 4 potions of attraction
 o - 2 potions of brilliance
 w - a potion of lignification
 z - a potion of magic
 G - a potion of might {unknown}
 N - a potion of haste
 Y - a potion of invisibility


   Skills:
 * Level 9.9 Fighting
 + Level 1.4(6.3) Short Blades
 + Level 9.9 Long Blades
 + Level 2.5 Throwing
 + Level 5.1 Armour
 + Level 7.3 Dodging
 + Level 4.3 Stealth
 * Level 4.4 Shields
 * Level 11.0 Spellcasting
 + Level 5.5 Conjurations
 + Level 5.4 Necromancy
 + Level 3.2 Translocations
 * Level 5.7 Fire Magic
 + Level 7.0 Ice Magic
 * Level 6.5 Air Magic
 + Level 4.9 Alchemy
 + Level 0.1 Evocations


You had 5 spell levels left.
You knew the following spells:

 Your Spells              Type           Power      Damage    Failure   Level
a - Ozocubu's Armour      Ice            43%        N/A       1%          3
b - Blink                 Tloc           52%        N/A       3%          2
c - Mephitic Cloud        Conj/Alch/Air  37%        N/A       1%          3
e - Searing Ray           Conj           72%        2d7       1%          2
f - Fireball              Conj/Fire      18%        3d9       7%          5
i - Iskenderun's Mystic   Conj/Tloc      31%        2d8       4%          4
w - Fugue of the Fallen   Necr           36%        N/A       2%          3
y - Sticky Flame          Fire/Alch      35%        2d7       2%          4
z - Freezing Cloud        Conj/Ice/Air   20%        6-21      4%          5

Your spell library contained the following spells:

 Spells                   Type           Power      Damage    Failure   Level
 Magic Dart               Conj           100%       1d8       1%          1
 Volatile Blastmotes      Fire/Tloc      62%        2d15      1%          3
 Sandblast                Erth           24%        2d8       2%          1
 Dazzling Flash           Conj/Hex       48%        N/A       2%          3
 Stone Arrow              Conj/Erth      48%        3d10      2%          3
 Fulminant Prism          Conj/Alch      17%        3d10      2%          4
 Lesser Beckoning         Tloc           52%        N/A       3%          2
 Teleport Other           Tloc           26%        N/A       7%          3
 Brom's Barrelling Bould  Conj/Erth      24%        2d5       8%          4
 Vhi's Electric Charge    Tloc/Air       66%        N/A       12%         4
 Manifold Assault         Tloc           26%        N/A       24%         4
 Passwall                 Erth           12%        N/A       26%         3
 Curse of Agony           Necr           36%        N/A       26%         5
 Silence                  Hex/Air        13%        N/A       54%         5


Dungeon Overview and Level Annotations

Branches:
Dungeon (12/15)            Temple (1/1) D:7            Lair (5/5) D:9
 Shoals (0/4) Lair:3        Snake (0/4) Lair:2        Slime (0/5) Lair:5
    Orc (0/2) D:12

Altars:
Ashenzari
Cheibriados
Dithmenos
Elyvilon
Fedhas
Gozag
Hepliaklqana
Kikubaaqudgha
Makhleb
Nemelex Xobeh
Okawaru
Qazlal
Ru
Sif Muna
Trog
Uskayaw
Vehumet
Wu Jian
Xom
Yredelemnul
Zin
The Shining One
Jiyva

Shops:
D:3 (   D:6 *

Annotations:
D:12 Josephine


Innate Abilities, Weirdness & Mutations

You have razor-sharp teeth.
Your natural rate of healing is unusually fast.
When hurt, damage is shared between your health and your magic reserves.
Your bite disrupts and absorbs the magic of your enemies.
Potions cannot restore your health.


Message History

You slash the slime creature!
You kill the slime creature!
Vehumet accepts your kill.
The wailing of tortured souls fills the air!
The wailing of tortured souls fills the air!
You hear a shout!
A deep elf archer comes into view. It is wielding a +0 dagger.
The deep elf archer shouts!
The deep elf archer casts a spell at you.
You feel yourself slow down.
You are losing your grip on the fallen.
The wailing of tortured souls fills the air!
The wailing of tortured souls fills the air!
The deep elf archer unwields a +0 dagger.
The deep elf archer wields a +0 shortbow.
The deep elf archer shoots an arrow.
The arrow hits you!!
Your fugue has ended.
Casting: Mephitic Cloud (safe; 1% risk of failure)
Confirm with . or Enter, or press ? or * to list all spells.
Aiming: Freezing Cloud (dangerous; 4% risk of failure)
Press: ? - help, Dir - move target The fire giant is engulfed in freezing vapours.
The fire giant casts a spell at you.
The fireball explodes!
The fireball engulfs you!!!
You hear a sizzling sound!
The fire giant is engulfed in freezing vapours.
The fire giant is engulfed in freezing vapours.
The fire giant hits you with a +1 great sword of flaming!!
The fire giant burns you.
* * * LOW HITPOINT WARNING * * *
Casting: Freezing Cloud (dangerous; 4% risk of failure)
Confirm with . or Enter, or press ? or * to list all spells.
A film of ice covers your body!
The fire giant is engulfed in freezing vapours.
The fire giant closely misses you.
The fire giant is engulfed in freezing vapours.
The fire giant hits you with a +1 great sword of flaming!!
* * * LOW HITPOINT WARNING * * *
The fire giant burns you!
You die...

~ ####.# #######.#..#..
#.#####.....####.#.#
#...†.......# ####. .# .
######......# ## J e.#
.## #......# ..
..######......#
#.##!##..........#
#..#.##.....##..######
#.e#.##§@....#.......#
#..#.##C§............###
#C.§§§§§.............##
#.###.§......).........
#≈.# #........†........#
#..##
#.................# #
#... ###############...#
~. .~..# ##### D.~.
~..~. #


You could see a fire giant.

Vanquished Creatures
  Frances (D:12)
  Gastronok (Lair:1)
  Snorg (D:12)
  A fire dragon (Lair:5)
  Harold (Lair:1)
  5 hydras
  Erolcha (D:11)
  2 centaur warriors
  Erica (D:8)
  3 boulder beetles
  2 two-headed ogres
  3 death yaks (Lair:5)
  3 lindwurms (Lair:5)
  Pikel (D:7)
  3 ugly things
  3 cyclopes
  17 elephants
  2 manticores
  A water nymph (Lair:3)
  3 black mambas
  9 torpor snails
  A gargoyle (D:10)
  Maggie (D:8)
  13 cane toads
  2 kobold demonologists (D:12)
  2 unseen horrors (D:11)
  15 komodo dragons
  5 rime drakes
  2 polar bears (Lair:4)
  4 tyrant leeches (Lair:5)
  7 hornets
  A troll (D:9)
  3 dream sheep (Lair:5)
  3 blink frogs (Lair:3)
  2 slime creatures (D:12)
  A vampire (D:12)
  2 wyverns
  A wraith (D:12)
  A shadow (D:12)
  57 yaks
  A spriggan (shapeshifter) (D:12)
  7 basilisks
  2 fire bats (Lair:5)
  A fire elemental (Lair:5)
  Grum (D:8)
  6 vampire mosquitoes
  A steam dragon (D:10)
  Menkaure (D:7)
  2 acid dragons
  12 water moccasins
  2 nagas (Lair:2)
  A sky beast (D:6)
  An ice beast (D:7)
  6 orc warriors
  A black bear (D:8)
  17 wolves
  7 centaurs
  23 bullfrogs
  A gnoll sergeant (D:8)
  5 wights (D:8)
  A burial acolyte (D:8)
  22 killer bees
  6 spriggan skeletons (D:10)
  7 howler monkeys
  A troll skeleton (D:10)
  A bombardier beetle (D:7)
  3 hounds
  3 jellies
  5 orc priests
  9 orc wizards
  A gnoll bouda (D:8)
  2 sleepcaps
  An iguana (D:4)
  A hound zombie (D:8)
  12 gnolls
  12 adders
  2 shadow imps (D:8)
  A white imp (D:7)
  2 adder zombies (D:8)
  3 dart slugs
  2 ribbon worms
  35 orcs
  2 ball pythons (D:2)
  7 endoplasms
  3 giant cockroaches
  A gnoll zombie (D:8)
  6 goblins
  6 hobgoblins
  2 jackals (D:5)
  2 quokkas (D:2)
  10 bats
  3 frilled lizards
  10 kobolds
  3 kobold zombies (D:8)
  9 rats
481 creatures vanquished.

Vanquished Creatures (collateral kills)
  A hornet (Lair:5)
1 creature vanquished.

Grand Total: 482 creatures vanquished

Notes
Turn   | Place    | Note
-------+----------+-------------------------------------------
     0 | D:1      | Esekla the Vine Stalker Warper began the quest for the Orb.
     0 | D:1      | Reached XP level 1. HP: 11/11 MP: 4/4
   266 | D:1      | Reached skill level 1 in Throwing
   414 | D:1      | Reached XP level 2. HP: 15/15 MP: 6/6
   417 | D:1      | Learned a level 2 spell: Blink
   986 | D:2      | Reached XP level 3. HP: 18/18 MP: 7/7
  1241 | D:2      | Found a burning altar of Makhleb.
  1284 | D:3      | Found Vulipn's Weapon Emporium.
  1305 | D:3      | Reached XP level 4. HP: 23/23 MP: 9/9
  1364 | D:2      | Reached skill level 1 in Stealth
  2038 | D:3      | Reached XP level 5. HP: 21/28 MP: 3/10
  2138 | D:3      | Reached skill level 3 in Spellcasting
  2193 | D:3      | Found a sacrificial altar of Ru.
  2488 | D:4      | Found a snail-covered altar of Cheibriados.
  3093 | D:3      | Bought a +1 falchion of protection for 127 gold pieces
  3166 | D:5      | Entered Level 5 of the Dungeon
  3200 | D:5      | Learned a level 3 spell: Fugue of the Fallen
  3204 | D:5      | Learned a level 3 spell: Ozocubu's Armour
  3443 | D:4      | Reached XP level 6. HP: 30/32 MP: 11/11
  3545 | D:4      | Found a glowing golden altar of the Shining One.
  4306 | D:5      | Found an iron altar of Okawaru.
  4487 | D:5      | Reached skill level 1 in Ice Magic
  4706 | D:6      | Reached skill level 1 in Necromancy
  4706 | D:6      | Reached XP level 7. HP: 36/37 MP: 10/12
  4977 | D:6      | Found Ycvurabi's Elemental Accessories.
  5225 | D:6      | Gained mutation: You have razor-sharp teeth. [Vine Stalker
                  | growth]
  5225 | D:6      | Reached XP level 8. HP: 24/42 MP: 12/14
  5392 | D:7      | Identified the +6 short sword of the Several Demons
                  | {freeze, rC+++ Will- SInv}
  5405 | D:7      | Noticed Menkaure
  5474 | D:7      | Reached skill level 4 in Spellcasting
  5901 | D:7      | Found a staircase to the Ecumenical Temple.
  5905 | Temple   | Entered the Ecumenical Temple
  5920 | Temple   | Became a worshipper of Vehumet
  5970 | D:7      | Noticed Pikel
  5972 | D:7      | Reached skill level 5 in Long Blades
  6086 | D:7      | Killed Pikel
  6087 | D:7      | Reached skill level 5 in Fighting
  6087 | D:7      | Reached XP level 9. HP: 35/47 MP: 8/16
  6227 | D:7      | Found a hazy altar of Hepliaklqana.
  7081 | D:8      | Found an ancient bone altar of Kikubaaqudgha.
  7155 | D:8      | Reached skill level 5 in Spellcasting
  7216 | D:8      | Found a glowing silver altar of Zin.
  7236 | D:8      | Noticed a cyclops
  7249 | D:8      | Killed a cyclops
  7282 | D:8      | Reached * piety under Vehumet
  7282 | D:8      | Offered knowledge of Foxfire by Vehumet.
  7315 | D:8      | Found a broken altar of Ashenzari.
  7350 | D:8      | Learned a level 2 spell: Searing Ray
  7484 | D:8      | Noticed Erica
  7491 | D:8      | Found a basalt altar of Yredelemnul.
  7501 | D:8      | Noticed a hornet
  7640 | D:9      | Found a hide-covered altar of Uskayaw.
  7649 | D:9      | Found a shimmering altar of Xom.
  7716 | D:8      | Killed Erica
  7717 | D:8      | Reached XP level 10. HP: 9/53 MP: 1/19
  7853 | D:8      | HP: 1/53 [hornet (5)]
  7879 | D:8      | Noticed Grum
  7901 | D:8      | Killed Grum
  7914 | D:8      | Reached skill level 6 in Spellcasting
  8048 | D:8      | Noticed Maggie
  8311 | D:8      | Reached skill level 5 in Dodging
  8360 | D:8      | Killed Maggie
  9020 | D:9      | Offered knowledge of Sandblast by Vehumet.
  9022 | D:9      | Reached ** piety under Vehumet
  9087 | D:9      | Reached skill level 5 in Necromancy
  9119 | D:9      | Found a staircase to the Lair.
  9316 | D:9      | Reached skill level 1 in Armour
  9457 | D:9      | Found a stormy altar of Qazlal.
  9511 | D:9      | Noticed a two-headed ogre
  9542 | D:10     | Entered Level 10 of the Dungeon
  9712 | D:10     | Noticed a centaur warrior
  9752 | D:10     | Killed a centaur warrior
  9753 | D:10     | Reached skill level 7 in Spellcasting
  9753 | D:10     | Reached skill level 1 in Conjurations
  9753 | D:10     | Reached skill level 5 in Ice Magic
  9753 | D:10     | Reached XP level 11. HP: 30/58 MP: 19/22
 10107 | D:10     | Offered knowledge of Hailstorm by Vehumet.
 10411 | D:10     | Reached *** piety under Vehumet
 10654 | D:9      | Noticed a green ugly thing
 10663 | D:9      | Killed a green ugly thing
 10714 | Lair:1   | Entered Level 1 of the Lair of Beasts
 10714 | Lair:1   | Noticed Gastronok
 10994 | D:11     | Noticed a manticore
 10999 | D:11     | Noticed a cyclops
 11001 | D:11     | Noticed a centaur warrior
 11063 | D:11     | Offered knowledge of Volatile Blastmotes by Vehumet.
 11156 | D:11     | Noticed Erolcha
 11198 | D:11     | Killed a manticore
 11210 | D:11     | Killed Erolcha
 11211 | D:11     | Reached skill level 8 in Spellcasting
 11527 | D:11     | Learned a level 3 spell: Mephitic Cloud
 11593 | D:11     | Noticed a two-headed ogre
 11618 | D:11     | Killed a two-headed ogre
 11687 | D:11     | Killed a centaur warrior
 11688 | D:11     | Reached skill level 1 in Air Magic
 11688 | D:11     | Reached skill level 1 in Alchemy
 11688 | D:11     | Reached XP level 12. HP: 59/63 MP: 25/25
 11895 | D:12     | Noticed a boulder beetle
 11917 | D:12     | Killed a boulder beetle
 11918 | D:12     | Reached skill level 1 in Short Blades
 11959 | D:12     | Noticed Frances
 12001 | D:11     | Reached **** piety under Vehumet
 12140 | D:7      | Killed Menkaure
 12437 | D:12     | Noticed a two-headed ogre
 12459 | D:12     | Killed a two-headed ogre
 13124 | Lair:2   | Offered knowledge of Sticky Flame by Vehumet.
 13140 | Lair:2   | Learned a level 4 spell: Sticky Flame
 13199 | Lair:2   | Reached skill level 1 in Fire Magic
 13355 | Lair:2   | Found a staircase to the Snake Pit.
 13567 | Lair:2   | Noticed a seven-headed hydra
 13583 | Lair:2   | Killed a two-headed hydra
 13616 | Lair:2   | Reached skill level 5 in Conjurations
 13616 | Lair:2   | Reached XP level 13. HP: 61/68 MP: 26/26
 13656 | Lair:2   | Reached skill level 9 in Spellcasting
 13860 | Lair:1   | Noticed Harold
 13934 | Lair:1   | Reached ***** piety under Vehumet
 14117 | Lair:1   | Offered knowledge of Plasma Beam by Vehumet.
 14164 | Lair:1   | Killed Gastronok
 14451 | Lair:1   | Killed Harold
 14700 | Lair:2   | Reached skill level 1 in Shields
 16027 | Lair:3   | You fall into a shaft and drop 1 floor!
 16192 | Lair:4   | Reached XP level 14. HP: 75/75 MP: 12/28
 16199 | Lair:4   | Reached skill level 10 in Spellcasting
 16351 | Lair:4   | Offered knowledge of Fireball by Vehumet.
 16429 | Lair:4   | Reached skill level 5 in Air Magic
 16849 | Lair:5   | Entered Level 5 of the Lair of Beasts
 16904 | Lair:4   | Learned a level 5 spell: Fireball
 16909 | Lair:4   | Learned a level 4 spell: Iskenderun's Mystic Blast
 17069 | Lair:5   | Found a viscous altar of Jiyva.
 17073 | Lair:5   | Found a staircase to the Slime Pits.
 17310 | Lair:5   | Reached skill level 5 in Armour
 18066 | Lair:5   | Offered knowledge of Freezing Cloud by Vehumet.
 18116 | Lair:5   | Identified the +1 leather armour "Wenem" {rElec rC+ Dex-2
                  | SInv}
 18406 | Lair:5   | Reached skill level 5 in Fire Magic
 18581 | Lair:5   | Paralysed by a hornet for 1 turns
 18750 | Lair:5   | Learned a level 5 spell: Freezing Cloud
 19729 | D:12     | Killed Frances
 19862 | D:12     | Noticed Snorg
 19878 | D:12     | Reached XP level 15. HP: 41/80 MP: 9/30
 19879 | D:12     | Noticed Josephine
 19880 | D:12     | Noticed a fire giant
 19950 | D:12     | Found a staircase to the Orcish Mines.
 20252 | D:12     | Reached skill level 11 in Spellcasting
 20262 | D:12     | Killed Snorg
 20312 | D:12     | Slain by a fire giant

Illustrated notes

Levels and vault maps discovered:
D:1:      lightli_arrival_noodles, layout_loops_corners,
          chequers_serial_rivers_marsh, bh_walls_and_bars
D:2:      layout_loops_ring, basic_altar, minmay_misc_feat_encased
D:3:      layout_basic, mainiacjoe_overflow_small_starburst, serial_shops, shop
D:4:      layout_loops_cross, marbit_many_paths, kennysheep_slug_shrine
D:5:      layout_cave_pools, okawaru_altar_gauntlet_db
D:6:      layout_basic, nicolae_elemental_shop, st_stairs_12,
          serial_bayou_crossing
D:7:      layout_gridville, nicolae_hepliaklqana_hippocampus,
          minmay_temple_entry_grid, uniq_pikel, uniq_menkaure
D:8:      layout_layer_cave, nicolae_overflow_crystal_walls,
          regret_index_kikubaaqudgha_part_by_part, zin_academy, kennysheep_mini,
          uniq_maggie, uniq_grum, uniq_erica
D:9:      layout_basic, grunt_qazlal_sundering, amethyst_overflow_temple_binary,
          lair_entry_dummy, serial_curves, eino_curves_04, eino_curves_04,
          hangedman_abyss_or_decor_passed
D:10:     layout_long_grid, hangedman_tell_no_tales
D:11:     layout_irregular_city, kennysheep_generic_room_10, uniq_erolcha
D:12:     minmay_spotlight, layout_basic, david_orc_2, nzn_random_ring,
          uniq_josephine, uniq_frances, uniq_snorg
Temple:   zaba_magenta_temple
Lair:1:   layout_hall_layers, grunt_megastairs_4, uniq_harold, uniq_gastronok
Lair:2:   layout_gridlike, guppyfry_snake_entry_island,
          nicolae_quartered_pool_impasse, lemuel_fruit_tree,
          infiniplex_staircase_pool_2, lemuel_fruit_fields
Lair:3:   layout_regular_city, nicolae_shoals_entry_flooding
Lair:4:   beargit_carnivore_pack, layout_long_grid
Lair:5:   hangedman_lair_in_review, layout_gridlike, wormcave,
          dpeg_slime_entry_corner

Skill      XL: |  1  2  3  4  5  6  7  8  9 10 11 12 13 14 15 |
---------------+----------------------------------------------+-----
Throwing       | 1 2 |  2.5
Long Blades    | 2 3 4 5 6 7 8 9 |  9.9
Fighting       | 2 3 4 5 6 7 8 9 |  9.9
Stealth        | 1 2 3 4 |  4.3
Dodging        | 2 3 4 5 6 7 |  7.3
Spellcasting   | 3 4 5 7 8 9 10 11 | 11.0
Ice Magic      | 1 2 4 5 6 7 |  7.0
Necromancy     | 1 3 4 5 |  5.4
Armour         | 1 3 4 5 |  5.1
Conjurations   | 1 3 5 |  5.5
Air Magic      | 1 3 4 6 |  6.5
Alchemy        | 1 2 4 |  4.9
Short Blades   | 1 |  1.4
Fire Magic     | 2 3 5 |  5.7
Shields        | 2 4 |  4.4
Translocations | |  3.2
Evocations     | |  0.1

Action                     |  1- 3 |  4- 6 |  7- 9 | 10-12 | 13-15 || total
---------------------------+-------+-------+-------+-------+-------++-------
  Melee: Falchion          |    96 |   253 |   367 |   889 |   843 ||  2448
         Bite              |    22 |    66 |   113 |   405 |   509 ||  1115
         Dagger            |     1 |     5 |     5 |    38 |   132 ||   181
         Punch             |       |     5 |     7 |    18 |    18 ||    48
         Trident           |       |       |       |     1 |       ||     1
         Short sword       |       |       |       |    30 |     3 ||    33
         Scimitar          |       |       |       |    16 |    27 ||    43
  Throw: Dart              |       |     7 |     6 |    26 |    31 ||    70
         Boomerang         |       |       |       |     1 |    10 ||    11
   Cast: Blink             |       |     1 |       |       |     1 ||     2
         Ozocubu's Armour  |       |       |     7 |    55 |    62 ||   124
         Fugue of the Fall |       |       |     4 |    16 |    21 ||    41
         Searing Ray       |       |       |       |     4 |       ||     4
         Mephitic Cloud    |       |       |       |     1 |    20 ||    21
         Sticky Flame      |       |       |       |       |    69 ||    69
         Freezing Cloud    |       |       |       |       |     4 ||     4
  Evoke: Wand              |       |       |       |     5 |       ||     5
    Use: Potion            |     1 |       |     2 |     3 |     1 ||     7
         Scroll            |       |       |    10 |    15 |     6 ||    31
   Stab: Sleeping          |       |     2 |     4 |       |     2 ||     8
         Paralysed         |       |       |       |     3 |       ||     3
         Confused          |       |       |       |       |    15 ||    15
 Armour: Leather armour    |    67 |   155 |   201 |       |       ||   423
         Robe              |       |       |    68 |    65 |       ||   133
         Skin              |       |       |     7 |       |       ||     7
         Steam dragon scal |       |       |       |   233 |       ||   233
         Troll leather arm |       |       |       |   640 |   813 ||  1453
  Dodge: Dodged            |    37 |   155 |   288 |   842 |   722 ||  2044
  Block: Buckler           |       |       |       |       |    21 ||    21
